 Dungeon Crawl Stone Soup version 0.19.0-24-gb05acd6 (webtiles) character file.

12549 GlenndL the Carver (level 11, -1/75 HPs)
             Began as a Gargoyle Berserker on Nov 21, 2016.
             Was a High Priest of Trog.
             Slain by a wolf spider (9 damage)
             ... on level 1 of the Spider Nest.
             The game lasted 00:46:49 (11457 turns).

GlenndL the Carver (Gargoyle Berserker)            Turns: 11457, Time: 00:46:51

Health: -1/75      AC: 25    Str: 22    XL:     11   Next: 95%
Magic:  18/18      EV:  5    Int:  7    God:    Trog [*****.]
Gold:   719        SH:  0    Dex: 12    Spells: 0 memorised, 10 levels left

rFire  . . .     SeeInvis +     W - +3 triple sword (distort)
rCold  . . .     Gourm    .     u - +3 plate armour of Amelioration {rPois MP+9}
rNeg   + . .     Faith    .     (shield currently unavailable)
rPois  ∞         Spirit   .     d - +0 helmet
rElec  +         Reflect  .     (no cloak)
rCorr  .         Harm     .     Q - +0 pair of gloves
MR     ++++.                    U - +0 pair of boots
Stlth  ..........               (no amulet)
                                b - ring of protection from magic
                                N - ring of stealth

@: exhausted, held, regenerating, slowed, very slow
A: hooves 1, rugged brown scales 2, see invisible, deformed body, low mp 1,
magic resistance 1, negative energy resistance 1, electricity resistance, wild
magic 1, unbreathing, petrification resistance, rot immunity, MP-powered wands,
AC +7
a: Berserk, Trog's Hand, Brothers in Arms, Burn Spellbooks, Renounce Religion


You were on level 1 of the Spider Nest.
You worshipped Trog.
Trog was extremely pleased with you.
You were hungry.

You visited 3 branches of the dungeon, and saw 12 of its levels.
You also visited: Sewer.

You collected 719 gold pieces.

Inventory:

Hand Weapons
 a - a +1 falchion
 W - a +3 triple sword of distortion (weapon)
Armour
 d - a +0 helmet (worn)
 u - the +3 plate armour of Amelioration (worn) {rPois MP+9}
   (You found it on level 6 of the Dungeon)

   It protects you from poison.
   It affects your magic capacity (+9).
 Q - a +0 pair of gloves (worn)
 U - a +0 pair of boots (worn)
 Y - the +0 ring mail of Thank Me Later {rCorr}
   (You found it on level 2 of the Lair of Beasts)

   It protects you from acid and corrosion.
Magical Staves
 C - a cursed staff of death {unknown}
Jewellery
 b - a ring of protection from magic (right hand)
 h - an uncursed ring of magical power
 y - an uncursed ring of fire
 N - a ring of stealth (left hand)
 R - an uncursed ring of fire
 Z - an uncursed ring of magical power
Wands
 G - a wand of digging (15/24)
 K - a wand of flame (16/48)
 V - a wand of lightning (8/15)
Scrolls
 e - a scroll of blinking
 i - a scroll of recharging
 j - 4 scrolls of enchant armour
 m - 3 scrolls of enchant weapon
 o - 4 scrolls of identify
 z - 4 scrolls of amnesia {unknown}
 D - a scroll of vulnerability {unknown}
 E - a scroll of teleportation
 F - 2 scrolls of remove curse
 J - a scroll of immolation {unknown}
 M - a scroll of magic mapping
 S - a scroll of fear {unknown}
Potions
 f - 3 potions of lignification {unknown}
 g - 6 potions of curing
 n - 8 potions of flight {unknown}
 p - 10 potions of brilliance {unknown}
 q - 3 potions of haste {unknown}
 r - a potion of resistance {unknown}
 s - 2 potions of agility {unknown}
 t - 5 potions of heal wounds {unknown}
 v - 3 potions of magic {unknown}
 P - a potion of cancellation {unknown}
Books
 c - a book of Debilitation

   Spells                             Type                      Level
   a - Corona                         Hexes                        1
   b - Slow                           Hexes                        2
   c - Gell's Gravitas                Hexes/Translocation          3
   d - Inner Flame                    Hexes/Fire                   3
   e - Cause Fear                     Hexes                        4
   f - Leda's Liquefaction            Hexes/Earth                  4
   Trog disapproves of the use of such an item.
 k - a book of Alchemy

   Spells                             Type                      Level
   a - Sublimation of Blood           Necromancy                   2
   b - Ignite Poison                  Fire/Transmutation/Poison    3
   c - Petrify                        Transmutation/Earth          4
   d - Alistair's Intoxication        Transmutation/Poison         5
   e - Irradiate                      Conjuration/Transmutation    5
   Trog disapproves of the use of such an item.
 w - a book of Cantrips

   Spells                             Type                      Level
   a - Confusing Touch                Hexes                        1
   b - Animate Skeleton               Necromancy                   1
   c - Summon Small Mammal            Summoning                    1
   d - Apportation                    Translocation                1
   Trog disapproves of the use of such an item.
 H - a book of Minor Magic

   Spells                             Type                      Level
   a - Magic Dart                     Conjuration                  1
   b - Blink                          Translocation                2
   c - Call Imp                       Summoning                    2
   d - Repel Missiles                 Charms/Air                   2
   e - Slow                           Hexes                        2
   f - Conjure Flame                  Conjuration/Fire             3
   g - Mephitic Cloud                 Conjuration/Poison/Air       3
   Trog disapproves of the use of such an item.
Comestibles
 l - 3 fruits
 I - 6 meat rations
 L - 3 slices of pizza


   Skills:
 + Level 9.9 Fighting
 + Level 12.2 Long Blades
 + Level 9.0 Armour
 + Level 5.0 Dodging
 + Level 3.4 Stealth


You had 10 spell levels left.
You didn't know any spells.

Dungeon Overview and Level Annotations

Branches:
Dungeon (9/15)             Temple (0/1) D:7            Lair (2/6) D:9
 Shoals (0/4) Lair:2       Spider (1/4) Lair:2
    Orc: D:9-12

Altars:
Ashenzari
Gozag
Kikubaaqudgha
Okawaru
Qazlal
Sif Muna
Trog

Shops:
D:7 :   D:9 (


Innate Abilities, Weirdness & Mutations

You are resistant to torment.
Your stone body is resilient. (AC +7)
You are immune to poison.
You resist negative energy. (rN+)
You are resistant to electric shocks. (rElec)
You can survive without breathing.
You are immune to petrification.
You are immune to rotting.
You have large cloven feet.
You are mostly covered in rugged brown scales. (AC +2, +5% HP)
You have supernaturally acute eyesight. (SInv)
Armour fits poorly on your strangely shaped body.
Your magical capacity is low. (-10% MP)
You are resistant to hostile enchantments. (MR+)
Your spells are a little harder to cast, but a little more powerful.
You expend magic power (3 MP) to strengthen your wands.


Message History

The jumping spider closely misses you.
The redback bites you but does no damage.
The wolf spider hits you!
* * * LOW HITPOINT WARNING * * *
The wolf spider bites you but does no damage.
The jumping spider leaps!
You feel better.
The jumping spider leaps!
The wolf spider barely misses you.
The wolf spider bites you but does no damage.
The wolf spider hits you but does no damage.
The wolf spider closely misses you. The wolf spider hits you.
* * * LOW HITPOINT WARNING * * *
The wolf spider bites you but does no damage.
The jumping spider leaps!
The wolf spider barely misses you.
The wolf spider bites you but does no damage.
The jumping spider pounces on you.
* * * LOW HITPOINT WARNING * * *
You are caught in a web!
The jumping spider bites you but does no damage.
The wolf spider hits you!
You die...

#...%^...## #)÷...§).÷#
##.....).)[#
##.)..^.^...#
#.......s..# ###
#..[..s^.÷# ##.#
#...sss# #..# #?s@s#
#..#####.§.## #
#.....###†.####.#
###......##.......#
###........##.......#
###......##..^#....§###
#.........##......###
..........#########
...#......#


You could see 2 wolf spiders, 4 jumping spiders and a redback.

Vanquished Creatures
  2 orb spiders (Spider:1)
  A siren (Lair:2)
  3 elephants (Lair:2)
  5 spiny frogs
  A jumping spider (Spider:1)
  2 trolls (D:9)
  2 merfolk (Lair:2)
  4 hippogriffs
  4 redbacks (Spider:1)
  Sigmund (D:3)
  The ghost of regis the Chopper, an amateur DsCK of Xom (D:4)
  A hungry ghost (D:9)
  Menkaure (D:4)
  3 wargs (D:9)
  3 water moccasins (Lair:1)
  A porcupine (Lair:1)
  6 sky beasts
  2 ice beasts (D:5)
  4 orc warriors
  4 centaurs
  3 ogres
  A necrophage (D:6)
  4 crocodiles
  A big kobold (Sewer)
  Blork the orc (D:6)
  9 bullfrogs
  4 scorpions
  A water moccasin skeleton (D:9)
  3 wights (D:9)
  6 crimson imps
  A centaur skeleton (D:9)
  2 bullfrog skeletons
  A bullfrog zombie (D:8)
  6 hounds
  4 orc priests
  A jelly (D:5)
  15 orc wizards
  2 iguanas (D:9)
  11 worker ants
  12 gnolls
  16 adders
  4 river rats
  2 shadow imps
  An ooze (Sewer)
  An adder skeleton (D:7)
  6 worms
  2 dart slugs
  5 leopard geckos
  29 orcs
  6 ball pythons
  8 giant cockroaches
  3 goblins
  7 hobgoblins
  5 jackals
  22 kobolds
  4 quokkas
  3 bats
  6 frilled lizards
  A giant cockroach zombie (D:6)
  32 rats
  2 plants (Lair:2)
304 creatures vanquished.

Vanquished Creatures (others)
  A merfolk (Lair:2)
  A water moccasin (Lair:2)
  An orc wizard (D:3)
  A plant (Lair:2)
4 creatures vanquished.

Grand Total: 308 creatures vanquished

Notes
Turn   | Place    | Note
-------+----------+-------------------------------------------
     0 | D:1      | GlenndL the Gargoyle Berserker began the quest for the Orb.
     0 | D:1      | Reached XP level 1. HP: 14/14 MP: 1/1
   159 | D:1      | Reached skill level 3 in Long Blades
   180 | D:1      | Reached XP level 2. HP: 18/19 MP: 2/2
   496 | D:1      | Reached XP level 3. HP: 17/23 MP: 3/3
  1401 | D:2      | Reached XP level 4. HP: 29/29 MP: 4/4
  1541 | D:2      | Found an iron altar of Okawaru.
  1559 | D:2      | Reached ** piety under Trog
  1815 | D:3      | Reached skill level 1 in Stealth
  1815 | D:3      | Reached XP level 5. HP: 21/33 MP: 5/5
  1820 | D:3      | Reached skill level 4 in Long Blades
  1838 | D:3      | Found an opulent altar of Gozag.
  1854 | D:3      | Found a faded altar of an unknown god.
  1913 | D:3      | Found an ancient bone altar of Kikubaaqudgha.
  2003 | D:3      | Reached XP level 6. HP: 20/39 MP: 6/6
  2164 | D:3      | Found a glowing drain.
  2205 | Sewer    | Entered a sewer
  2330 | Sewer    | Reached *** piety under Trog
  3061 | D:3      | Noticed Sigmund
  3084 | D:3      | Killed Sigmund
  3084 | D:3      | Reached skill level 5 in Long Blades
  3084 | D:3      | Reached XP level 7. HP: 33/44 MP: 7/7
  3438 | D:3      | Reached skill level 5 in Fighting
  3466 | D:4      | Noticed regis's ghost (amateur DsCK)
  3477 | D:4      | Killed regis's ghost
  3514 | D:4      | Reached skill level 6 in Long Blades
  3514 | D:4      | Reached XP level 8. HP: 27/49 MP: 8/8
  3537 | D:3      | HP: 1/49 [orc wizard/magic dart (5)]
  3810 | D:4      | Noticed Menkaure
  3829 | D:4      | Killed Menkaure
  3846 | D:4      | Found a stormy altar of Qazlal.
  3989 | D:4      | Found a bloodstained altar of Trog.
  4140 | D:4      | Reached **** piety under Trog
  4169 | D:4      | Found a shattered altar of Ashenzari.
  4170 | D:4      | Found a deep blue altar of Sif Muna.
  4347 | D:5      | Entered Level 5 of the Dungeon
  4557 | D:5      | Reached skill level 7 in Long Blades
  4566 | D:5      | Gained mutation: You expend magic power (3 MP) to strengthen your wands. [mutagenic meat]
  4567 | D:5      | Gained mutation: You have large cloven feet. [mutagenic meat]
  4568 | D:5      | Gained mutation: You are partially covered in rugged brown scales. (AC +1, +3% HP) [mutagenic meat]
  4569 | D:5      | Gained mutation: You are partially covered in iridescent scales. (AC +2) [mutagenic meat]
  4570 | D:5      | Gained mutation: Your magical capacity is low. (-10% MP) [mutagenic meat]
  4571 | D:5      | Lost mutation: Your magical capacity is low. (-10% MP) [mutagenic meat]
  4572 | D:5      | Gained mutation: Your magical capacity is low. (-10% MP) [mutagenic meat]
  4573 | D:5      | Gained mutation: Scrolls take you a little longer to read. [mutagenic meat]
  4574 | D:5      | Gained mutation: Armour fits poorly on your strangely shaped body. [mutagenic meat]
  4575 | D:5      | Gained mutation: You are resistant to hostile enchantments. (MR+) [mutagenic meat]
  4576 | D:5      | Gained mutation: You occasionally shout uncontrollably at your foes. [mutagenic meat]
  4633 | D:5      | Reached XP level 9. HP: 29/57 MP: 8/8
  4761 | D:5      | Lost mutation: You occasionally shout uncontrollably at your foes. [mutagenic meat]
  4762 | D:5      | Lost mutation: Scrolls take you a little longer to read. [mutagenic meat]
  4763 | D:5      | Gained mutation: You are weak. (Str -2) [mutagenic meat]
  4811 | D:5      | Reached skill level 8 in Long Blades
  5354 | D:6      | Got an amber-encrusted plate armour
  5366 | D:6      | Identified the +3 plate armour of Amelioration {rPois MP+9} (You found it on level 6 of the Dungeon)
  5481 | D:6      | Noticed Blork the orc
  5497 | D:6      | Killed Blork the orc
  5993 | D:7      | Found Iplu's Book Shop.
  6088 | D:7      | Found a staircase to the Ecumenical Temple.
  6150 | D:7      | Reached skill level 9 in Long Blades
  6364 | D:7      | Reached skill level 5 in Armour
  6709 | D:7      | Gained mutation: You are mostly covered in rugged brown scales. (AC +2, +5% HP) [mutagenic meat]
  6711 | D:7      | Gained mutation: Your spells are a little harder to cast, but a little more powerful. [mutagenic meat]
  6712 | D:7      | Gained mutation: You have supernaturally acute eyesight. (SInv) [mutagenic meat]
  6927 | D:8      | Reached XP level 10. HP: 63/66 MP: 9/9
  7431 | D:8      | Reached ***** piety under Trog
  7823 | D:9      | Lost mutation: You are weak. (Str -2) [mutagenic meat]
  7825 | D:9      | Lost mutation: You are partially covered in iridescent scales. (AC +2) [mutagenic meat]
  7835 | D:9      | Found a staircase to the Lair.
  7877 | D:9      | Reached skill level 10 in Long Blades
  8083 | D:9      | Found Fiqil's Antique Weapon Shop.
  8151 | D:9      | Paralysed by fainting for 5 turns
  8919 | Lair:1   | Entered Level 1 of the Lair of Beasts
  8960 | Lair:1   | Noticed a spiny frog
  8967 | Lair:1   | Killed a spiny frog
  9321 | Lair:1   | Reached XP level 11. HP: 64/72 MP: 9/9
  9759 | Lair:2   | Received a gift from Trog
  9919 | Lair:2   | Reached skill level 11 in Long Blades
 10109 | Lair:2   | Found a staircase to the Shoals.
 10422 | Lair:2   | Found a hole to the Spider Nest.
 10535 | Lair:2   | Reached skill level 5 in Dodging
 10608 | Lair:2   | Got a slimy ring mail
 10609 | Lair:2   | Identified the cursed +0 ring mail of Thank Me Later {rCorr} (You found it on level 2 of the Lair of Beasts)
 11057 | Spider:1 | Entered Level 1 of the Spider Nest
 11057 | Spider:1 | Noticed an orb spider
 11060 | Spider:1 | Killed an orb spider
 11060 | Spider:1 | Reached skill level 12 in Long Blades
 11438 | Spider:1 | Noticed an orb spider
 11447 | Spider:1 | Killed an orb spider
 11449 | Spider:1 | Noticed a wolf spider
 11451 | Spider:1 | Noticed a wolf spider
 11456 | Spider:1 | HP: 2/75 [wolf spider (10)]
 11457 | Spider:1 | Slain by a wolf spider

Skill      XL: |  1  2  3  4  5  6  7  8  9 10 11 |
---------------+----------------------------------+-----
Long Blades    | 3 4 5 6 7 9 10 12 | 12.2
Fighting       | 4 5 6 7 8 9 |  9.9
Dodging        | 2 3 4 5 |  5.0
Stealth        | 1 2 3 |  3.4
Armour         | 3 5 7 9 |  9.0

Action                   |  1- 3 |  4- 6 |  7- 9 | 10-12 || total
-------------------------+-------+-------+-------+-------++-------
Melee: Falchion          |   105 |   257 |   656 |   462 ||  1480
       Kick              |       |       |   142 |   127 ||   269
       Triple sword      |       |       |       |   122 ||   122
Invok: Berserk           |       |     6 |     5 |     5 ||    16
       Trog's Hand       |       |     5 |     6 |     5 ||    16
       Burn Spellbooks   |       |     1 |     1 |       ||     2
  Use: Scroll            |       |       |    11 |     3 ||    14
       Potion            |       |       |     7 |     1 ||     8
 Stab: Sleeping          |       |     2 |     1 |     1 ||     4
  Eat: Bread ration      |       |     1 |     5 |     4 ||    10
       Royal jelly       |       |     1 |       |       ||     1
       Meat ration       |       |     2 |       |       ||     2
       Chunk             |       |     1 |    22 |     4 ||    27
       Beef jerky        |       |       |       |     1 ||     1
Armor: Animal skin       |    39 |   134 |    52 |       ||   225
       Plate armour      |       |       |   332 |   473 ||   805
Dodge: Dodged            |    78 |   243 |   308 |   254 ||   883
       Rpst.: Falchion   |    22 |    74 |    99 |    39 ||   234
       Triple sword      |       |       |       |    20 ||    20
